 Dungeon Crawl Stone Soup version 0.32-a0-433-g08bcfe7efd (webtiles) character file.

Game seed: 11488146461862719539

1606420 ToadDude the Caregiver (level 27, 184/235 HPs)
             Began as a Mountain Dwarf Fighter on Feb 20, 2024.
             Was a Believer of Elyvilon.
             Escaped with the Orb
             ... and 3 runes on Feb 23, 2024!
             The game lasted 05:06:17 (78654 turns).

ToadDude the Caregiver (Mountain Dwarf Fighter)    Turns: 78654, Time: 05:06:18

Health: 184/235    AC: 53    Str: 26 (27) XL:     27
Magic:  35/35      EV:  7    Int:  7      God:    Elyvilon [**....]
Gold:   4302       SH: 38    Dex:  8      Spells: 26/26 levels left

rFire   + . .        a - +9 broad axe (heavy)
rCold   . . .        B - +18 shield of the Gong {Loud rN+ Will+ rCorr EV-5}
rNeg    + . .        G - +8 crystal plate armour
rPois   +            s - +1 helmet {SInv}
rElec   +            i - +2 cloak {rF+}
rCorr   +            k - +2 pair of gloves
SInv    +            R - +2 pair of boots of Nutwou {rF+ rCorr Stlth-}
Will    ++++.        c - amulet "Paimiude" {Reflect Dex+3 SH+5} Stlth
                     N - ring "Deiso Jicw" {rElec Will+ EV+5}
HPRegen 0.59/turn    A - ring of poison resistance
MPRegen 0.24/turn

%: reflection
@: studying Hexes
A: runic magic, artefact enchanting, iridescent scales 1, clumsy 2,
deterioration 1, dopey 2, frail 1, low MP 1, screaming 2, weak 2, heat
vulnerability 1, inability to read after injury 1, devolution 1, persistent
drain
0: Orb of Zot
}: 3/15 runes: serpentine, barnacled, silver
a: Renounce Religion, Purification, Heal Other


You escaped.
You worshipped Elyvilon.
Elyvilon was pleased with you.
You visited 10 branches of the dungeon, and saw 48 of its levels.
You visited 1 bazaar.
You also visited: Ossuary, Bailey, Volcano and Wizlab.

You collected 9601 gold pieces.
You spent 5299 gold pieces at shops.

Inventory:

Hand Weapons
 a - a +9 heavy broad axe (weapon)
 b - the +8 mace of Bokkeube {heavy, rPois Int+4}
   (You found it on level 1 of the Vaults)

   Int+4:     It affects your intelligence (+4).
   rPois:     It protects you from poison
Armour
 i - a +2 cloak of fire resistance (worn)
 k - a +2 pair of gloves (worn)
 q - a scarf of resistance
 s - a +1 helmet of see invisible (worn)
 B - the +18 shield of the Gong (worn) {Loud rN+ Will+ rCorr EV-5}
   (You found it on level 2 of the Depths)

   Loud:      It is deafeningly noisy when blocking attacks.
   EV-5:      It affects your evasion (-5).
   rN+:       It protects you from negative energy.
   Will+:     It increases your willpower.
   rCorr:     It protects you from acid and corrosion.
 G - a +8 crystal plate armour (worn)
 R - the +2 pair of boots of Nutwou (worn) {rF+ rCorr Stlth-}
   (You found it on level 4 of the Shoals)

   rF+:       It protects you from fire.
   rCorr:     It protects you from acid and corrosion.
   Stlth-:    It makes you less stealthy.
Jewellery
 c - the amulet "Paimiude" (around neck) {Reflect Dex+3 SH+5}
   (You took it off a vault sentinel on level 5 of the Vaults)

   [amulet of reflection]

   Reflect:   It reflects blocked missile attacks.
   Dex+3:     It affects your dexterity (+3).
   SH+5:      It affects your SH (+5).
 j - a ring of protection from fire
 A - a ring of poison resistance (right hand)
 J - a +4 ring of protection
 M - an amulet of regeneration
 N - the ring "Deiso Jicw" (left hand) {rElec Will+ EV+5}
   (You took it off a deep elf sorcerer on level 3 of the Elven Halls)

   [ring of evasion]

   EV+5:      It affects your evasion (+5).
   rElec:     It insulates you from electricity.
   Will+:     It increases your willpower.
 P - a +6 ring of dexterity
 Q - a ring of ice
 Y - a ring of willpower
Wands
 e - a wand of paralysis (42)
 n - a wand of flame (75) (quivered)
 y - a wand of iceblast (45)
 C - a wand of quicksilver (33)
 T - a wand of polymorph (7)
 V - a wand of mindburst (26)
Scrolls
 g - a scroll of immolation
 h - 3 scrolls of blinking
 m - 2 scrolls of silence
 p - 7 scrolls of brand weapon
 r - 9 scrolls of fear
 v - 7 scrolls of teleportation
 x - 11 scrolls of fog
 z - 3 scrolls of revelation
 I - 5 scrolls of summoning
 O - 6 scrolls of enchant weapon
 U - 3 scrolls of poison
 X - 4 scrolls of noise
Potions
 d - 8 potions of might
 f - 4 potions of cancellation
 l - 16 potions of curing {@q1}
 o - 6 potions of heal wounds {@q2}
 t - 8 potions of ambrosia
 u - 4 potions of resistance
 D - 8 potions of haste
 E - 9 potions of invisibility
 F - 9 potions of enlightenment
 W - a potion of berserk rage
Miscellaneous
 H - a phial of floods
 K - a phantom mirror
 L - a sack of spiders
 S - a lightning rod (4/4)
 Z - a tin of tremorstones (2/2)


   Skills:
 + Level 24.3 Fighting
 + Level 24.8 Axes
 - Level 23.0 Armour
 - Level 22.0 Shields
 + Level 25.2 Invocations
 + Level 21.0 Evocations


You had 26 spell levels left.
You didn't know any spells.
Your spell library contained the following spells:

 Spells                   Type           Power      Damage    Failure   Level
 Apportation              Tloc           0%         N/A       67%         1
 Foxfire                  Conj/Fire      0%         2x1d4     67%         1
 Necrotise                Necr           0%         1d4       67%         1
 Sandblast                Erth           0%         2d4       67%         1
 Shock                    Conj/Air       0%         1d3       67%         1
 Slow                     Hex            0%         N/A       67%         1
 Sting                    Conj/Alch      0%         1d3       67%         1
 Summon Small Mammal      Summ           0%         N/A       67%         1
 Blink                    Tloc           0%         N/A       82%         2
 Cigotuvi's Dreadful Rot  Necr/Alch/Air  0%         N/A       82%         2
 Ensorcelled Hibernation  Hex/Ice        0%         N/A       82%         2
 Jinxbite                 Hex            0%         N/A       82%         2
 Lesser Beckoning         Tloc           0%         N/A       82%         2
 Momentum Strike          Conj/Tloc      0%         3d8       82%         2
 Scorch                   Fire           0%         2d5       82%         2
 Static Discharge         Conj/Air       0%         3-3/arc   82%         2
 Sublimation of Blood     Necr           0%         N/A       82%         2
 Call Canine Familiar     Summ           0%         N/A       96%         3
 Confusing Touch          Hex            0%         N/A       96%         3
 Dazzling Flash           Conj/Hex       0%         N/A       96%         3
 Frozen Ramparts          Ice            0%         1d1       96%         3
 Fugue of the Fallen      Necr           0%         N/A       96%         3
 Gell's Gravitas          Tloc           0%         N/A       96%         3
 Hailstorm                Conj/Ice       0%         3d5       96%         3
 Inner Flame              Hex/Fire       0%         N/A       96%         3
 Mephitic Cloud           Conj/Alch/Air  0%         N/A       96%         3
 Ozocubu's Armour         Ice            0%         N/A       96%         3
 Passwall                 Erth           0%         N/A       96%         3
 Sigil of Binding         Hex            0%         N/A       96%         3
 Stone Arrow              Conj/Erth      0%         3d7       96%         3
 Swiftness                Air            0%         N/A       96%         3
 Teleport Other           Tloc           0%         N/A       96%         3
 Tukima's Dance           Hex            0%         N/A       96%         3
 Vampiric Draining        Necr           0%         2d6       96%         3
 Volatile Blastmotes      Fire/Tloc      0%         2d10      96%         3
 Airstrike                Air            0%         2d(0-16)  100%        4
 Anguish                  Hex/Necr       0%         N/A       100%        4
 Animate Armour           Summ/Erth      0%         N/A       100%        4
 Animate Dead             Necr           0%         N/A       100%        4
 Brom's Barrelling Bould  Conj/Erth      0%         2d3       100%        4
 Cause Fear               Hex            0%         N/A       100%        4
 Dimensional Bullseye     Hex/Tloc       0%         N/A       100%        4
 Flame Wave               Conj/Fire      0%         2d4       100%        4
 Fulminant Prism          Conj/Alch      0%         3d5       100%        4
 Ignite Poison            Fire/Alch      0%         N/A       100%        4
 Iskenderun's Mystic Bla  Conj/Tloc      0%         2d3       100%        4
 Leda's Liquefaction      Alch/Erth      0%         N/A       100%        4
 Manifold Assault         Tloc           0%         N/A       100%        4
 Passage of Golubria      Tloc           0%         N/A       100%        4
 Petrify                  Alch/Erth      0%         N/A       100%        4
 Sticky Flame             Fire/Alch      0%         2d4       100%        4
 Summon Blazeheart Golem  Fire/Summ      0%         N/A       100%        4
 Summon Lightning Spire   Summ/Air       0%         N/A       100%        4
 Alistair's Intoxication  Alch           0%         N/A       100%        5
 Curse of Agony           Necr           0%         N/A       100%        5
 Fireball                 Conj/Fire      0%         3d3       100%        5
 Freezing Cloud           Conj/Ice/Air   0%         6-21      100%        5
 Irradiate                Conj/Alch      0%         3d11      100%        5
 Lee's Rapid Deconstruct  Erth           0%         3d4*      100%        5
 Metabolic Englaciation   Hex/Ice        0%         N/A       100%        5
 Silence                  Hex/Air        0%         N/A       100%        5
 Summon Forest            Summ/Tloc      0%         N/A       100%        5
 Summon Mana Viper        Hex/Summ       0%         N/A       100%        5
 Yara's Violent Unravell  Hex/Alch       0%         3d3       100%        5
 Dispersal                Tloc           0%         N/A       100%        6
 Eringya's Noxious Bog    Alch           0%         4d6       100%        6
 Plasma Beam              Fire/Air       0%         2x1d10    100%        6
 Sculpt Simulacrum        Ice/Alch       0%         N/A       100%        6
 Starburst                Conj/Fire      0%         6d3       100%        6
 Summon Cactus Giant      Summ           0%         N/A       100%        6
 Enfeeble                 Hex            0%         N/A       100%        7
 Summon Hydra             Summ           0%         N/A       100%        7
 Ignition                 Fire           0%         3d3       100%        8
 Chain Lightning          Conj/Air       0%         N/A       100%        9
 Dragon's Call            Summ           0%         N/A       100%        9
 Fire Storm               Conj/Fire      0%         5d1       100%        9
 Shatter                  Erth           0%         3d5*      100%        9


Dungeon Overview and Level Annotations

Branches:
Dungeon (15/15)            Temple (1/1) D:6            Lair (5/5) D:8
 Shoals (4/4) Lair:3        Snake (4/4) Lair:2        Slime (0/5) Lair:4
    Orc (2/2) D:10            Elf (3/3) Orc:2        Vaults (5/5) D:13
  Crypt (0/3) Vaults:3     Depths (4/4) D:15            Zot (5/5) Depths:4
Ossuary (visited)          Bailey (visited)         Volcano (visited)
 WizLab (visited)

Altars:
Ashenzari
Cheibriados
Dithmenos
Elyvilon
Fedhas
Gozag
Hepliaklqana
Kikubaaqudgha
Makhleb
Nemelex Xobeh
Okawaru
Qazlal
Ru
Sif Muna
Trog
Uskayaw
Vehumet
Wu Jian
Xom
Yredelemnul
Zin
The Shining One

Shops:
D:5 (   D:7 **[   D:14 *   Orc:2 ![*:*   Shoals:2 :?   Snake:2 *(((
Snake:3 =:   Vaults:1 [   Vaults:2 :   Depths:2 *!

Portals:
Hell: Depths:1 Depths:2 Depths:3 Depths:4
Abyss: D:4 Depths:3
Pandemonium: Depths:2
Ziggurat: Depths:3
Trove: Vaults:2 (give +4 fire dragon scales)

Annotations:
D:4 2 transporters, superpeng's ghost, amateur OnBe
D:14 exclusion: downstairs
Lair:5 3 runed translucent doors, DeathSocks's ghost, journeyman MiMo
Snake:1 exclusion: downstairs
Zot:1 exclusion: downstairs
Zot:2 exclusion: door


Innate Abilities, Weirdness & Mutations

Your spellcasting is much less encumbered by armour.
You can use scrolls of enchantment on lesser artefacts.
You are partially covered in iridescent scales. (AC +2)
You are very clumsy. (Dex -4)
Your body sometimes deteriorates upon taking damage.
You are very dopey. (Int -4)
You are frail. (-10% HP)
Your magical capacity is low. (-10% MP)
You frequently scream uncontrollably at your foes.
You are very weak. (Str -4)
You are vulnerable to heat. (rF-)
You occasionally lose the ability to read scrolls when taking damage.
You have hidden genetic defects.
Your health recovers twice as slowly from being drained.


Message History

PTOANNNG!
You barely miss the Orb Guardian.
The Orb Guardian is heavily wounded.
You block the Orb Guardian's attack.
SHROANNG!
You miss the Orb Guardian.
The Orb Guardian is heavily wounded.
You block the Orb Guardian's attack.
SHROANNG!
You block the Orb Guardian's attack.
GONNNNG!
You closely miss the Orb Guardian.
The Orb Guardian is heavily wounded.
You block the Orb Guardian's attack.
PANG!
You closely miss the Orb Guardian.
The Orb Guardian is heavily wounded.
The Orb Guardian hits you but does no damage.
You block the Orb Guardian's attack.
BONNNG!
A tormentor comes into view.
You closely miss the Orb Guardian.
The Orb Guardian is heavily wounded.
You block the Orb Guardian's attack.
SHROANNG!
You cut the Orb Guardian into ribbons!!!
The Orb Guardian is almost dead.
The Orb Guardian hits you but does no damage. x2
You slash the Orb Guardian!
You kill the Orb Guardian!
You carve the tormentor like a ham!!!
You kill the tormentor!
You feel much better.
Aiming: Dig
Press: ? - help, Shift-Dir - straight line A rock wall.
This square is covered in magical glow.
The rock shatters into small pieces.
The now-empty wand crumbles to dust.
There is a staircase leading out of the dungeon here.
You have escaped!

##.#.######.#############.#
#.#.#.####.......#######.#
##........................#
...##.........####.#####..#
##........................###
###############.#######....#####
#.............#.........
#.............#.#######.
#......@......#.....###.
#.............#####...).
#.............# ###... #
#############.#.###########..##
###...........#...# #...#...###
.##.#######...#.#.# #.....#....
.##.# #...#...# #...###.##.
..#.# #...#.#.# #...# #.##.
....# #...#...# #..## #.##.


There were no monsters in sight!

Vanquished Creatures
  6 ancient liches
  5 dread liches
  Frederick (Vaults:5)
  4 orbs of fire (Zot:5)
  A juggernaut (Depths:3)
  Mara (Depths:1)
  The ghost of Caurgh the Slayer, a veteran OnBe of Trog (Zot:3)
  Mennas (Vaults:4)
  Sojobo (Depths:2)
  Josephina (Depths:3)
  Vv (Depths:2)
  2 Killer Klowns (Zot:5)
  The ghost of AutarchDCSS the Skinwalker, a veteran DrAE of Hepliaklqana (Zot:1)
  Margery (Vaults:4)
  A caustic shrike (Depths:2)
  17 golden dragons
  the Enchantress (Depths:2)
  Nikola (Snake:2)
  Norris (Depths:1)
  3 electric golems
  An iron giant (Zot:1)
  Rupert (D:15)
  18 tentacled monstrosities
  29 Orb Guardians
  Asterion (Vaults:1)
  A deep elf blademaster (Elf:3)
  4 liches
  7 quicksilver dragons
  A walking divine tome (Depths:2)
  3 titans
  A walking earthen tome (Depths:2)
  2 deep elf master archers (Elf:3)
  A searing wretch (Vaults:4)
  7 sphinxes
  An ancient champion (Vaults:3)
  12 death cobs
  Polyphemus (Shoals:2)
  17 storm dragons
  5 tengu reavers
  14 draconian monks
  Kirke (Shoals:1)
  11 shadow dragons
  6 protean progenitors
  5 nagarajas (Snake:4)
  Aizul (Snake:1)
  6 draconian knights
  The ghost of Savior361 the Marksgoblin, an adept CoHu of Hepliaklqana (Snake:1)
  8 frost giants
  Roxanne (Elf:2)
  12 vault wardens
  9 fire giants
  5 draconian scorchers
  4 iron dragons
  6 draconian shifters
  8 deep elf sorcerers
  An angel (Shoals:4)
  A juggernaut zombie (Depths:2)
  2 ghost moths (Zot:4)
  6 draconian annihilators
  2 draconian stormcallers
  6 orc warlords
  A deep elf elementalist (Elf:1)
  16 ironbound preservers
  A reaper (Depths:1)
  3 cacodemons
  8 very ugly things
  4 spriggan defenders (Depths:2)
  12 stone giants
  An apis (Shoals:4)
  The ghost of Pixtaico the Unseen, an adept FeNe of Elyvilon (Vaults:3)
  5 vampire knights
  4 formless jellyfish
  8 ironbound thunderhulks
  13 black draconians
  6 deep elf demonologists
  2 lorocyprocas (WizLab)
  20 green draconians
  2 elemental wellsprings (Shoals:2)
  12 deep elf annihilators
  8 deep elf death magi
  20 dire elephants
  11 red draconians
  15 yellow draconians
  11 spark wasps
  3 war gargoyles
  19 white draconians
  17 purple draconians
  10 merfolk impalers
  3 blizzard demons (Depths:1)
  A crystal guardian (Vaults:3)
  13 ettins
  6 merfolk javelineers (Shoals:4)
  5 fire dragons
  10 great orbs of eyes
  17 yaktaur captains
  5 deep elf high priests
  33 vault guards
  3 entropy weavers
  8 ice dragons
  The ghost of Pooter the Cleaver, a journeyman MiMo of Okawaru (Orc:1)
  4 salamander tyrants (Snake:4)
  A hell beast (Depths:1)
  4 hydras
  3 ogre magi
  A caustic shrike simulacrum (Depths:2)
  2 alligator snapping turtles
  7 spriggan air magi
  A peacekeeper (Vaults:3)
  A catoblepas (Shoals:2)
  9 boulder beetles
  9 centaur warriors
  4 two-headed ogres
  27 dancing weapons
  2 alligators (Zot:2)
  A merfolk avatar (Shoals:4)
  7 anacondas
  5 ironbound frosthearts
  22 death yaks
  20 naga warriors
  A satyr (Shoals:1)
  5 merfolk aquamancers
  5 tengu warriors
  6 deep troll earth magi
  4 deep troll shamans
  2 vampire magi
  8 orc high priests
  6 spriggan berserkers
  5 shock serpents
  An occultist (Depths:2)
  2 sun demons
  6 hell knights (Depths:4)
  18 deep elf knights
  Sonja (D:13)
  3 soul eaters
  12 naga sharpshooters
  2 spectral death yaks (Lair:5)
  12 skeletal warriors
  2 sixfirhies
  6 iron trolls
  A titan skeleton (Depths:2)
  A shining eye (shapeshifter) (Vaults:5)
  3 salamander mystics
  10 skysharks
  A spectral anaconda (Lair:5)
  2 cherubim (Shoals:4)
  3 naga ritualists
  A swamp dragon (shapeshifter) (Depths:4)
  26 deep trolls
  16 sea snakes
  2 flayed ghosts
  A deep troll (shapeshifter) (Depths:2)
  A spark wasp zombie (D:15)
  19 deep elf archers
  3 obsidian statues
  4 lindwurms
  3 mana vipers (Snake:1)
  9 ironbound convokers
  10 arcanists
  16 harpies
  A tengu zombie (Depths:2)
  6 phantasmal warriors
  29 deep elf zephyrmancers
  An orange crystal statue (D:11)
  29 deep elf pyromancers
  A wolf spider (shapeshifter) (Vaults:5)
  44 ugly things
  8 necromancers
  13 orc knights
  9 cyclopes
  8 manticores
  12 orc sorcerers
  3 human zombies
  A meliai (shapeshifter) (D:15)
  A spectral mana viper (Snake:1)
  A spectral shock serpent (Snake:1)
  36 moths of wrath
  18 elephants
  13 salamanders
  6 fauns
  5 water nymphs
  4 kobold blastminers (Orc:2)
  33 black mambas
  12 naga magi
  5 guardian serpents
  4 merfolk sirens
  A rust devil (Depths:1)
  18 vault sentinels
  16 cane toads
  2 molten gargoyles (Volcano)
  A titan simulacrum (Depths:4)
  An orange demon (Depths:1)
  A hellion (Depths:1)
  A rime drake (Lair:3)
  A dire elephant skeleton (Lair:5)
  A gargoyle (D:13)
  A torpor snail (Lair:4)
  A kobold demonologist (D:12)
  Jeremiah (D:7)
  8 komodo dragons
  30 yaktaurs
  An anaconda simulacrum (Snake:1)
  2 tormentors
  5 tengu conjurers
  6 polar bears
  Grinder (D:6)
  12 merfolk
  4 trolls
  5 wind drakes
  2 human skeletons (Vaults:1)
  2 tengu simulacra
  5 hornets
  16 blink frogs
  6 snapping turtles
  2 spectral elephants (Lair:5)
  Prince Ribbit (D:7)
  An iron dragon simulacrum (Depths:4)
  2 spriggan zombies (D:15)
  2 tarantellas (shapeshifter)
  Sigmund (D:6)
  5 glass eyes
  11 dream sheep
  A fire giant simulacrum (Vaults:3)
  A centaur simulacrum (D:15)
  A glass eye (shapeshifter) (Vaults:5)
  A spectral black mamba (Snake:1)
  5 air elementals
  A shock serpent simulacrum (Snake:1)
  57 slime creatures
  A vampire (D:11)
  3 ynoxinuls (Depths:1)
  67 yaks
  7 water elementals
  2 wraiths (D:11)
  2 wyverns
  A dire elephant simulacrum (Lair:5)
  6 spriggans
  A human (D:13)
  2 fire bats (Volcano)
  6 hogs (Shoals:1)
  4 basilisks
  2 fire elementals
  A chaos spawn (WizLab)
  2 steam dragons
  4 redbacks
  2 vampire mosquitoes (D:14)
  2 human simulacra
  A warg (D:9)
  An elf skeleton (Vaults:3)
  2 neqoxecs (Depths:1)
  A spectral cane toad (Lair:5)
  A death yak simulacrum (Lair:5)
  47 nagas
  6 water moccasins
  An acid dragon (D:14)
  A sky beast (D:8)
  25 orc warriors
  An elephant zombie (Lair:5)
  A guardian serpent simulacrum (Snake:1)
  2 black bears
  An ice beast (D:8)
  15 wolves
  10 boggarts
  2 laughing skulls (D:14)
  5 ogres
  9 centaurs
  An elephant skeleton (Lair:5)
  A kobold brigand (D:5)
  A weeping skull (Ossuary)
  12 bullfrogs
  A scorpion (D:5)
  3 earth elementals
  A glowing shapeshifter simulacrum (Depths:4)
  2 cane toad simulacra (Lair:5)
  18 wights
  4 water moccasin zombies (Ossuary)
  A spectral naga (Snake:1)
  3 elephant simulacra (Lair:5)
  9 killer bees
  4 howler monkeys
  An electric eel (Snake:2)
  5 lava snakes (Volcano)
  Crazy Yiuf (D:2)
  3 jellies
  A bombardier beetle (D:7)
  2 gnoll boudas
  2 hounds
  10 orc priests
  2 sleepcaps (D:5)
  3 iguanas
  Terence (D:2)
  22 orc wizards
  6 hell rats
  A statue (D:5)
  2 crocodile zombies (Ossuary)
  A bullfrog simulacrum (Ossuary)
  2 mummies (Ossuary)
  Robin (D:2)
  13 gnolls
  6 adders
  2 naga simulacra (Snake:1)
  2 white imps
  2 ufetubi (D:5)
  4 adder zombies (Ossuary)
  3 ribbon worms
  4 dart slugs
  55 orcs
  7 ball pythons
  5 bats
  8 endoplasms
  A giant cockroach (D:2)
  21 goblins
  13 hobgoblins
  2 jackals (D:2)
  19 kobolds
  3 quokkas
  3 frilled lizards
  4 gnoll zombies (Ossuary)
  5 jackal zombies
  6 orc zombies
  4 rats (D:2)
  A rat zombie (D:6)
2100 creatures vanquished.

Vanquished Creatures (collateral kills)
  Bai Suzhen (Vaults:5)
  Boris (Vaults:5)
  A quicksilver dragon (Vaults:5)
  A tengu reaver (Vaults:5)
  A fire giant (Vaults:5)
  An ironbound preserver (Vaults:5)
  A stone giant (Vaults:5)
  A vault guard (Vaults:5)
8 creatures vanquished.

Vanquished Creatures (others)
  A quicksilver dragon (Vaults:5)
  A titan (Vaults:5)
  A tengu reaver (Depths:2)
  A draconian knight (Zot:2)
  A protean progenitor (Zot:2)
  A draconian scorcher (Depths:4)
  A vampire knight (Depths:2)
  A black draconian (Zot:2)
  2 boulder beetles (Zot:2)
  An occultist (Depths:3)
  2 deep elf pyromancers
  2 deep elf zephyrmancers (Elf:1)
  A water nymph (Shoals:4)
  A vault sentinel (Vaults:5)
  A tormentor (Zot:2)
  A spectral cane toad (Lair:5)
  An orc priest (Orc:2)
  An orc (Elf:3)
21 creatures vanquished.

Grand Total: 2129 creatures vanquished

Notes
Turn   | Place    | Note
-------+----------+-------------------------------------------
     0 | D:1      | ToadDude the Mountain Dwarf Fighter began the quest for the
                  | Orb.
     0 | D:1      | Reached XP level 1. HP: 19/19 MP: 1/1
    78 | D:1      | Reached XP level 2. HP: 26/26 MP: 2/2
   382 | D:1      | Reached XP level 3. HP: 33/33 MP: 3/3
   897 | D:2      | Reached XP level 4. HP: 41/41 MP: 4/4
   976 | D:2      | Noticed Terence
   998 | D:2      | Killed Terence
  1259 | D:2      | Noticed Robin
  1284 | D:2      | Reached skill level 5 in Fighting
  1291 | D:2      | Reached XP level 5. HP: 22/48 MP: 5/5
  1298 | D:2      | Killed Robin
  1417 | D:2      | Found a runed translucent door.
  1418 | D:2      | Noticed Crazy Yiuf
  1426 | D:2      | Killed Crazy Yiuf
  1427 | D:2      | Reached skill level 5 in Axes
  2268 | D:4      | Reached XP level 6. HP: 57/57 MP: 6/6
  2348 | D:4      | Found a transporter.
  2367 | D:4      | Found a transporter.
  2379 | D:4      | Noticed superpeng's ghost (amateur OnBe)
  2389 | D:4      | Found a one-way gate to the infinite horrors of the Abyss.
  2632 | D:5      | Entered Level 5 of the Dungeon
  2729 | D:5      | Found a radiant altar of Vehumet.
  2763 | D:5      | Reached XP level 7. HP: 64/64 MP: 7/7
  2821 | D:5      | Reached skill level 1 in Evocations
  3027 | D:5      | Identified the +5 whip of Dithmenos's Regard {flame, Str+3}
  3106 | D:5      | Found Quoczoph's Antique Weapon Emporium.
  3124 | D:5      | Bought a runed war axe for 195 gold pieces
  3135 | D:5      | Reached XP level 8. HP: 72/73 MP: 8/8
  3351 | D:6      | Noticed Grinder
  3361 | D:6      | Paralysed by Grinder for 2 turns
  3364 | D:6      | Killed Grinder
  3438 | D:6      | Noticed Sigmund
  3442 | D:6      | Killed Sigmund
  3639 | D:6      | Found a sand-covered staircase.
  3648 | Ossuary  | Entered an ossuary
  3713 | Ossuary  | Reached skill level 5 in Evocations
  3860 | D:6      | Reached XP level 9. HP: 81/81 MP: 9/9
  3873 | D:6      | Found a staircase to the Ecumenical Temple.
  3879 | Temple   | Entered the Ecumenical Temple
  3911 | Temple   | Became a worshipper of Elyvilon the Healer
  4244 | D:7      | Reached skill level 5 in Armour
  4293 | D:7      | Found Ducze's Antique Armour Emporium.
  4297 | D:7      | Noticed Jeremiah
  4317 | D:7      | Paralysed by Jeremiah for 3 turns
  4339 | D:7      | Killed Jeremiah
  4530 | D:7      | Reached * piety under Elyvilon
  4550 | D:7      | Bought a pair of gloves for 103 gold pieces
  4588 | D:7      | Found Huedeleo's General Store.
  4593 | D:7      | Noticed Prince Ribbit
  4633 | D:7      | Bought a scroll of identify for 24 gold pieces
  4633 | D:7      | Bought a scroll of fog for 48 gold pieces
  4633 | D:7      | Bought a scroll of identify for 24 gold pieces
  4633 | D:7      | Bought a scroll of teleportation for 36 gold pieces
  4645 | D:7      | Killed Prince Ribbit
  4646 | D:7      | Reached skill level 10 in Axes
  4864 | D:7      | Found Saetz's General Store.
  4882 | D:7      | Bought a wand of flame (4) for 39 gold pieces
  5433 | D:8      | Found a staircase to the Lair.
  5479 | D:8      | Reached XP level 10. HP: 26/88 MP: 10/10
  5546 | D:8      | Reached ** piety under Elyvilon
  5548 | D:8      | Found a flagged portal.
  5633 | Bailey   | Entered a bailey
  5726 | Bailey   | Noticed an orc warlord
  5960 | Bailey   | Found a runed translucent gate.
  5961 | Bailey   | Found a runed translucent gate.
  5978 | Bailey   | Found a runed translucent gate.
  6038 | Bailey   | Killed an orc warlord
  6068 | Bailey   | Acquired a +3 broad axe of freezing
  7168 | D:9      | Reached *** piety under Elyvilon
  7364 | D:10     | Entered Level 10 of the Dungeon
  7452 | D:9      | Reached skill level 10 in Armour
  7645 | D:10     | Reached XP level 11. HP: 78/94 MP: 11/11
  7699 | D:10     | Found a staircase to the Orcish Mines.
  7784 | D:10     | Noticed a two-headed ogre
  7789 | D:10     | Killed a two-headed ogre
  8006 | D:10     | Reached **** piety under Elyvilon
  8788 | D:11     | Noticed a boulder beetle
  8802 | D:11     | Noticed an orange crystal statue
  8813 | D:11     | Noticed a two-headed ogre
  8830 | D:11     | Killed a two-headed ogre
  8831 | D:11     | Reached skill level 15 in Axes
  9039 | Lair:1   | Entered Level 1 of the Lair of Beasts
  9578 | Lair:1   | Identified the +0 leather armour of Vehumet, Hammering
                  | {rElec Str+3}
  9641 | Lair:1   | Noticed a lindwurm
  9645 | Lair:1   | Found a dark tunnel.
  9655 | Volcano  | Entered a volcano
  9852 | Volcano  | Reached ***** piety under Elyvilon
 10007 | Volcano  | Found a bloodstained altar of Trog.
 10007 | Volcano  | Noticed a salamander mystic
 10015 | Volcano  | Killed a salamander mystic
 10031 | Volcano  | Reached XP level 12. HP: 48/101 MP: 12/12
 10181 | Volcano  | Noticed a red draconian
 10190 | Volcano  | Killed a red draconian
 10445 | Lair:1   | Reached skill level 1 in Invocations
 10509 | Lair:1   | Reached skill level 2 in Invocations
 10538 | Lair:1   | Reached skill level 3 in Invocations
 11197 | Lair:2   | Reached skill level 4 in Invocations
 11199 | Lair:2   | Found a staircase to the Snake Pit.
 11508 | Lair:1   | Reached skill level 5 in Invocations
 11624 | Lair:1   | Reached skill level 6 in Invocations
 11788 | Lair:1   | Reached skill level 10 in Fighting
 11788 | Lair:1   | Reached skill level 7 in Invocations
 11977 | Lair:2   | Reached skill level 8 in Invocations
 12461 | Lair:2   | Found a sparkling altar of Nemelex Xobeh.
 12627 | Lair:3   | Reached XP level 13. HP: 106/116 MP: 19/19
 12734 | Lair:3   | Found a staircase to the Shoals.
 13776 | Lair:4   | Reached skill level 10 in Evocations
 13840 | Lair:4   | Reached ****** piety under Elyvilon
 13849 | Lair:4   | Found a staircase to the Slime Pits.
 14718 | Lair:5   | Entered Level 5 of the Lair of Beasts
 14724 | Lair:5   | Reached XP level 14. HP: 117/126 MP: 20/20
 14898 | Lair:5   | Reached skill level 9 in Invocations
 14949 | Lair:5   | Reached skill level 5 in Shields
 15294 | Lair:4   | Reached skill level 10 in Invocations
 15521 | Lair:5   | Found a runed translucent gate.
 15521 | Lair:5   | Found a runed translucent gate.
 15521 | Lair:5   | Found a runed translucent gate.
 15524 | Lair:5   | Noticed DeathSocks's ghost (journeyman MiMo)
 15948 | Lair:5   | Reached skill level 11 in Invocations
 16350 | Lair:5   | Reached skill level 12 in Invocations
 17955 | D:11     | Reached XP level 15. HP: 131/135 MP: 24/24
 18973 | D:12     | Got the Compilation of Fumes and Trauma
 19567 | Orc:1    | Entered Level 1 of the Orcish Mines
 19842 | Orc:1    | Found a large runed translucent door.
 19843 | Orc:1    | Found a large runed translucent door.
 19848 | Orc:1    | Noticed Pooter's ghost (journeyman MiMo)
 19858 | Orc:1    | Killed Pooter's ghost
 20077 | Orc:2    | Entered Level 2 of the Orcish Mines
 20151 | Orc:2    | Found Zopheeh's Distillery.
 20182 | Orc:2    | Bought a potion of heal wounds for 75 gold pieces
 20289 | Orc:2    | Found a staircase to the Elven Halls.
 20587 | Orc:2    | Found Comy Basmirch's Assorted Antiques.
 20804 | Orc:2    | Found Dolistuthy's Book Shoppe.
 20811 | Orc:2    | Found Sipiz's General Store.
 20813 | Orc:2    | Found Ugroofo's Antique Armour Boutique.
 20821 | Orc:2    | Bought a glowing kite shield for 232 gold pieces
 20835 | Orc:2    | Bought a pair of runed boots for 202 gold pieces
 20835 | Orc:2    | Bought a scroll of identify for 54 gold pieces
 20835 | Orc:2    | Bought a scroll of enchant weapon for 202 gold pieces
 20862 | Orc:2    | Bought a scroll of teleportation for 39 gold pieces
 21011 | D:13     | Reached skill level 15 in Fighting
 21075 | D:13     | Reached skill level 15 in Evocations
 21260 | D:13     | Noticed Sonja
 21386 | D:13     | Killed Sonja
 21908 | D:13     | Found a gate to the Vaults.
 22349 | D:14     | Reached XP level 16. HP: 107/149 MP: 25/25
 22615 | D:14     | Found Biyn Voxt's Demolitions Depot.
 23330 | D:15     | Entered Level 15 of the Dungeon
 23885 | D:15     | Noticed Rupert
 23893 | D:15     | Killed Rupert
 23978 | D:15     | Found a staircase to the Depths.
 24010 | D:15     | Reached skill level 10 in Shields
 25063 | Shoals:1 | Entered Level 1 of the Shoals
 25331 | Shoals:1 | Noticed Kirke
 25342 | Shoals:1 | Killed Kirke
 26364 | Shoals:2 | Found Dedwiper's Book Shop.
 26490 | Shoals:2 | Found Ceaskow's Magic Scroll Shop.
 26495 | Shoals:2 | Bought a scroll of enchant armour for 120 gold pieces
 26495 | Shoals:2 | Bought a scroll of enchant armour for 120 gold pieces
 26495 | Shoals:2 | Bought a scroll of enchant weapon for 120 gold pieces
 26495 | Shoals:2 | Bought a scroll of enchant armour for 120 gold pieces
 27087 | Shoals:3 | Noticed Polyphemus
 27109 | Shoals:2 | Killed Polyphemus
 27448 | Shoals:3 | Identified the +6 scale mail of Ymiazoun {rF- rCorr Int+9
                  | Stlth-}
 27595 | Shoals:3 | Reached XP level 17. HP: 158/158 MP: 26/26
 28086 | Shoals:4 | Entered Level 4 of the Shoals
 28981 | Shoals:4 | Identified the +1 pair of boots of Nutwou {rF+ rCorr
                  | Stlth-}
 29757 | Shoals:4 | Found a glowing golden altar of the Shining One.
 29771 | Shoals:4 | Got a barnacled rune of Zot
 29848 | Shoals:4 | Found a glowing silver altar of Zin.
 30179 | Snake:1  | Entered Level 1 of the Snake Pit
 30246 | Snake:1  | Identified the serpent talisman of Hedge Wizardry {Slay+4}
 30246 | Snake:1  | Noticed Aizul
 30247 | Snake:1  | Found an opulent altar of Gozag.
 30265 | Snake:1  | Killed Aizul
 30550 | Snake:1  | Found a runed translucent gate.
 30551 | Snake:1  | Found a runed translucent gate.
 30552 | Snake:1  | Found a runed translucent gate.
 30554 | Snake:1  | Noticed Savior361's ghost (adept CoHu)
 30607 | Snake:1  | Killed Savior361's ghost
 30626 | Snake:1  | Identified the -1 helmet of the Harp {Harm rC+ Dex-4}
 30979 | Snake:1  | Identified the +2 helmet of Parlour Games {Harm Int+6
                  | Stlth-}
 31694 | Snake:2  | Noticed Nikola
 31719 | Snake:2  | Killed Nikola
 32154 | Snake:2  | Reached skill level 15 in Armour
 32298 | Snake:2  | Found Xeisuavi's Assorted Antiques.
 32301 | Snake:2  | Found Fabbaele's Weapon Emporium.
 32301 | Snake:2  | Found Zoh Xaek's Antique Weapon Shoppe.
 32325 | Snake:2  | Found Wiangato's Antique Weapon Emporium.
 32358 | Snake:2  | Reached XP level 18. HP: 171/172 MP: 27/27
 34504 | Snake:3  | Found Muxuck's Jewellery Emporium.
 34505 | Snake:3  | Found Zuwem's Book Boutique.
 34505 | Snake:3  | Found Uqierhip's Book Boutique.
 34865 | Snake:4  | Entered Level 4 of the Snake Pit
 37554 | Snake:4  | Got a serpentine rune of Zot
 37564 | Snake:4  | Upgraded the game from 0.32-a0-411-g744942f433 to
                  | 0.32-a0-433-g08bcfe7efd
 37967 | Vaults:1 | Entered Level 1 of the Vaults
 37982 | D:13     | Reached skill level 13 in Invocations
 38322 | Vaults:1 | Found Qasikil's Antique Armour Emporium.
 38377 | Vaults:1 | Paralysed by a sphinx for 4 turns
 38395 | Vaults:1 | Identified the +8 mace of Bokkeube {heavy, rPois Int+4}
 38456 | Vaults:1 | Reached skill level 14 in Invocations
 38456 | Vaults:1 | Reached XP level 19. HP: 129/181 MP: 29/29
 38662 | Vaults:1 | Paralysed by a formless jellyfish for 1 turns
 38956 | Vaults:1 | Noticed Asterion
 38967 | Vaults:1 | Killed Asterion
 39224 | Vaults:1 | Reached skill level 15 in Invocations
 40257 | Vaults:2 | Paralysed by a sphinx for 3 turns
 40852 | Vaults:2 | Reached skill level 16 in Invocations
 41113 | Vaults:2 | Found Eneror's Book Emporium.
 41751 | Vaults:2 | Found a portal to a secret trove of treasure.
 41754 | Vaults:2 | You fall into a shaft and drop 1 floor!
 41997 | Vaults:3 | Reached skill level 17 in Invocations
 42164 | Vaults:3 | Found a staircase to the Crypt.
 42851 | Vaults:3 | Paralysed by a sphinx for 5 turns
 42861 | Vaults:3 | Paralysed by a sphinx for 3 turns
 42987 | Vaults:3 | Found a runed translucent door.
 42987 | Vaults:3 | Noticed Pixtaico's ghost (adept FeNe)
 43148 | Vaults:3 | Reached XP level 20. HP: 195/195 MP: 32/32
 43307 | Vaults:3 | Reached skill level 18 in Invocations
 44137 | Elf:1    | Entered Level 1 of the Elven Halls
 44553 | Elf:1    | Paralysed by an air elemental for 1 turns
 44556 | Elf:1    | Paralysed by an air elemental for 1 turns
 44904 | Orc:2    | Bought a crystal plate armour for 2480 gold pieces
 45103 | Elf:1    | Identified the +4 ring mail of the Pleiades {Str+2 Slay+2}
 45188 | Elf:1    | Found a radiant altar of Vehumet.
 45358 | Elf:1    | Paralysed by an air elemental for 1 turns
 46485 | Elf:2    | Found a runed translucent gate.
 46485 | Elf:2    | Found a runed translucent gate.
 46485 | Elf:2    | Found a runed translucent gate.
 46580 | Elf:2    | Noticed Roxanne
 46597 | Elf:2    | Killed Roxanne
 47262 | Elf:2    | Identified the blade talisman "Qifra" {*Slow Will++}
 47355 | Elf:3    | Entered Level 3 of the Elven Halls
 47713 | Elf:3    | Paralysed by an air elemental for 1 turns
 47716 | Elf:3    | Paralysed by an air elemental for 1 turns
 48231 | Elf:3    | Identified the ring "Deiso Jicw" {rElec Will+ EV+5}
 48595 | Elf:3    | Reached XP level 21. HP: 156/207 MP: 34/34
 49589 | Elf:3    | Paralysed by an air elemental for 1 turns
 49604 | Elf:3    | Identified the +6 flail "Xossasam" {venom, rPois}
 49683 | Elf:3    | Identified the +7 spear "Lojiuluzo" {venom, rC+}
 50041 | Elf:3    | Got Azi Xulo's Encyclopedia of the Discharge and
                  | Apparitions
 50050 | Elf:3    | Identified the +8 dagger of the Barnacled God {protect, rF+
                  | rN++ Str+2}
 50439 | Depths:1 | Entered Level 1 of the Depths
 50482 | Depths:1 | Noticed Norris
 50518 | Depths:1 | Noticed Mara
 50520 | Depths:1 | Noticed ToadDude's illusion
 50524 | Depths:1 | Killed Norris
 50530 | Depths:1 | Killed Mara
 50893 | Depths:1 | Found a magical portal.
 50898 | WizLab   | Entered Doroklohe's Tomb
 51106 | WizLab   | Found the +3 pair of gauntlets of War {Slay+5}
 51965 | Depths:1 | Gained mutation: You are strong-willed. (Will+) [a
                  | cacodemon]
 52142 | Depths:1 | Found a gateway to Hell.
 52218 | Depths:1 | Reached XP level 22. HP: 213/213 MP: 35/35
 52854 | Depths:2 | Noticed the Enchantress
 52879 | Depths:2 | Killed the Enchantress
 53225 | Depths:2 | Noticed Sojobo
 53279 | Depths:2 | Paralysed by an air elemental for 1 turns
 53285 | Depths:2 | Paralysed by an air elemental for 1 turns
 53307 | Depths:2 | Paralysed by an air elemental for 1 turns
 53311 | Depths:2 | Paralysed by an air elemental for 1 turns
 53314 | Depths:2 | Killed Sojobo
 53651 | Depths:2 | Found Kaxael's Assorted Antiques.
 53655 | Depths:2 | Found Hikoc's Distillery.
 53664 | Depths:2 | Bought a potion of haste for 230 gold pieces
 53664 | Depths:2 | Bought a potion of haste for 230 gold pieces
 53664 | Depths:2 | Bought a potion of heal wounds for 115 gold pieces
 53674 | Depths:2 | Found a one-way gate leading to the halls of Pandemonium.
 53739 | Depths:2 | Reached skill level 19 in Invocations
 54116 | Depths:2 | Noticed a caustic shrike
 54128 | Depths:2 | Killed a caustic shrike
 54391 | Depths:2 | Found the +18 shield of the Gong {Loud rN+ Will+ rCorr
                  | EV-5}
 55186 | Depths:2 | Reached XP level 23. HP: 202/219 MP: 36/36
 55787 | Depths:3 | Noticed Vv
 55816 | Depths:2 | Killed Vv
 55817 | Depths:2 | Reached skill level 20 in Invocations
 56308 | Depths:3 | Found a one-way gateway to a ziggurat.
 56688 | Depths:3 | Noticed a juggernaut
 56698 | Depths:3 | Killed a juggernaut
 56940 | Depths:3 | Found a runed translucent door.
 57037 | Depths:3 | Identified the +0 robe of Limited Liability {Dex+2}
 57040 | Depths:3 | Identified the +10 mace of the Shimmering Boar {vamp, Will+
                  | MP+9 Int+3}
 57960 | Depths:4 | Entered Level 4 of the Depths
 57960 | Depths:4 | Identified the ring "Wyusk" {Ice +Blink}
 57960 | Depths:4 | Noticed Josephina
 57971 | Depths:3 | Killed Josephina
 58111 | Depths:4 | Got the Compendium of Company and Conflict
 58127 | Depths:3 | Reached skill level 21 in Invocations
 58197 | Depths:4 | Identified the +8 great sword "Uzxyg" {freeze, Int+7 Dex+3}
 58323 | Depths:4 | Found a flickering gateway to a bazaar.
 58332 | Bazaar   | Entered a bazaar
 58467 | Bazaar   | Found Lierpham's Magic Scroll Boutique.
 58480 | Bazaar   | Found Nuleut's Distillery.
 58494 | Bazaar   | Found Zoukut's Book Shop.
 58537 | Bazaar   | Found Wotequt's Assorted Antiques.
 58560 | Bazaar   | Bought a scroll of teleportation for 84 gold pieces
 58573 | Bazaar   | Bought a potion of heal wounds for 45 gold pieces
 58573 | Bazaar   | Bought a potion of haste for 90 gold pieces
 58587 | Bazaar   | Bought a scroll of blinking for 97 gold pieces
 58587 | Bazaar   | Bought a scroll of enchant armour for 97 gold pieces
 58587 | Bazaar   | Bought a scroll of teleportation for 39 gold pieces
 58587 | Bazaar   | Bought a scroll of teleportation for 39 gold pieces
 59432 | Depths:4 | Found a gate to the Realm of Zot.
 60585 | Vaults:3 | Killed Pixtaico's ghost
 60699 | Vaults:4 | Paralysed by a formless jellyfish for 1 turns
 61081 | Vaults:4 | Noticed Mennas
 61112 | Vaults:4 | Killed Mennas
 61113 | Vaults:4 | Reached XP level 24. HP: 176/231 MP: 37/37
 61181 | Vaults:4 | Reached skill level 22 in Invocations
 61185 | Vaults:4 | Noticed Margery
 61193 | Vaults:4 | Killed Margery
 61230 | Vaults:4 | Found a runed translucent door.
 61342 | Vaults:4 | Reached skill level 15 in Shields
 61686 | Vaults:4 | Identified the +3 rapier of the Median {drain, ^Contam
                  | rPois Int+3 Dex+5}
 62301 | Vaults:5 | Entered Level 5 of the Vaults
 62309 | Vaults:5 | Was placed under penance by Elyvilon
 62324 | Vaults:5 | Noticed a dread lich
 62338 | Vaults:5 | Noticed Bai Suzhen
 62339 | Vaults:5 | Noticed an ancient lich
 62796 | Vaults:5 | Killed a dread lich
 62874 | Vaults:5 | Killed an ancient lich
 62959 | Vaults:5 | Identified the +4 glaive of Righteous Anger {heavy, rElec
                  | rC+ Int+3}
 62959 | Vaults:5 | Identified the +4 robe of Parts Unknown {Str+3 Int+7 Dex-3}
 62959 | Vaults:5 | Noticed Boris
 62959 | Vaults:5 | Killed Bai Suzhen
 62966 | Vaults:5 | Killed Boris
 62977 | Vaults:5 | Identified the +6 spear of a volcano {freeze, Fly Dex+3
                  | Stlth+}
 63092 | Vaults:5 | Identified the amulet "Paimiude" {Reflect Dex+3 SH+5}
 63328 | Vaults:5 | Identified the orb "Edghanl Aqif" {*channel, Str+3}
 63328 | Vaults:5 | Noticed Frederick
 63339 | Vaults:5 | Killed Frederick
 63440 | Vaults:5 | Identified the +6 rapier of Ymnop {flame, +Blink}
 63466 | Vaults:5 | Gained mutation: You have a beak for a mouth. [a shining
                  | eye]
 63467 | Vaults:5 | Gained mutation: You are vulnerable to cold. (rC-) [a
                  | shining eye]
 63504 | Vaults:5 | Reached XP level 25. HP: 229/238 MP: 38/38
 63642 | Vaults:5 | Got a silver rune of Zot
 63752 | Vaults:5 | Identified the staff of Watchfulness {^Fragile rPois Int+2
                  | Dex+3 Alchemy}
 64048 | Vaults:5 | Identified the +1 robe of Noxious Leaves {rPois rCorr Int+6
                  | Stlth+}
 64064 | Vaults:5 | Identified the staff of Dyblio {rElec rPois Dex+3 Fire
                  | Earth}
 64110 | Vaults:5 | Got the Vademecum on Frostbound Malevolent Magic
 64161 | Vaults:5 | Identified the +0 cloak of Conscience {rElec Str-5 Stlth+}
 64627 | Zot:1    | Entered Level 1 of the Realm of Zot
 65828 | Zot:1    | Noticed AutarchDCSS's ghost (veteran DrAE)
 65833 | Zot:1    | Found a runed translucent door.
 65869 | Zot:1    | Killed AutarchDCSS's ghost
 66050 | Zot:1    | Was forgiven by Elyvilon
 66954 | Zot:1    | Lost mutation: You have a beak for a mouth. [potion of
                  | mutation]
 66954 | Zot:1    | Lost mutation: You are vulnerable to cold. (rC-) [potion of
                  | mutation]
 66954 | Zot:1    | Lost mutation: You are strong-willed. (Will+) [potion of
                  | mutation]
 66954 | Zot:1    | Gained mutation: You are robust. (+10% HP) [potion of
                  | mutation]
 67713 | Zot:2    | Noticed an orb of fire
 70966 | Zot:2    | Reached skill level 23 in Invocations
 72207 | Zot:3    | Reached XP level 26. HP: 191/273 MP: 38/38
 72789 | Zot:3    | Identified the +3 lajatang "Qohenadoschi" {flame, rF- Str+4
                  | Dex+3}
 74500 | Zot:4    | Identified the +9 plate armour of the Apprentice {+Blink}
 74657 | Zot:4    | Noticed Caurgh's ghost (veteran OnBe)
 74658 | Zot:4    | Found a runed translucent gate.
 74659 | Zot:4    | Found a runed translucent gate.
 74660 | Zot:4    | Found a runed translucent gate.
 75066 | Zot:3    | Killed Caurgh's ghost
 75241 | Zot:4    | Identified the staff of Buyr {rC+ Int+6 Ice}
 75243 | Zot:4    | Identified the +1 pair of gloves of the Endless Expanse
                  | {*Slow rC+++ rN+}
 75270 | Zot:5    | Entered Level 5 of the Realm of Zot
 75812 | Zot:5    | Reached skill level 24 in Invocations
 76473 | Zot:5    | Noticed a dread lich
 76495 | Zot:5    | Killed a dread lich
 76838 | Zot:5    | Noticed an ancient lich
 76854 | Zot:5    | Killed an ancient lich
 76887 | Zot:5    | Noticed an ancient lich
 76896 | Zot:5    | Killed an ancient lich
 76897 | Zot:5    | Noticed an ancient lich
 76902 | Zot:5    | Noticed a dread lich
 76906 | Zot:5    | Killed an ancient lich
 76911 | Zot:5    | Killed a dread lich
 77043 | Zot:5    | Noticed a dread lich
 77058 | Zot:5    | Noticed an ancient lich
 77061 | Zot:5    | Killed a dread lich
 77073 | Zot:5    | Killed an ancient lich
 77086 | Zot:5    | Noticed an ancient lich
 77106 | Zot:5    | Noticed an orb of fire
 77107 | Zot:5    | Gained mutation: You are weak. (Str -2) [an orb of fire]
 77112 | Zot:5    | Noticed an orb of fire
 77112 | Zot:5    | Noticed a dread lich
 77115 | Zot:5    | Gained mutation: You occasionally shout uncontrollably at
                  | your foes. [an orb of fire]
 77116 | Zot:5    | Gained mutation: You are partially covered in iridescent
                  | scales. (AC +2) [an orb of fire]
 77118 | Zot:5    | Gained mutation: You frequently scream uncontrollably at
                  | your foes. [an orb of fire]
 77118 | Zot:5    | Lost mutation: You are robust. (+10% HP) [an orb of fire]
 77122 | Zot:5    | Gained mutation: You are frail. (-10% HP) [an orb of fire]
 77124 | Zot:5    | Gained mutation: You are vulnerable to heat. (rF-) [an orb
                  | of fire]
 77126 | Zot:5    | Gained mutation: You are very weak. (Str -4) [an orb of
                  | fire]
 77184 | Zot:5    | Noticed an orb of fire
 77189 | Zot:5    | Gained mutation: You are dopey. (Int -2) [an orb of fire]
 77195 | Zot:5    | Killed an orb of fire
 77422 | Zot:5    | Killed a dread lich
 77423 | Zot:5    | Reached XP level 27. HP: 223/234 MP: 39/39
 77445 | Zot:5    | Noticed an ancient lich
 77446 | Zot:5    | Noticed an orb of fire
 77462 | Zot:5    | Killed an ancient lich
 77468 | Zot:5    | Gained mutation: You are clumsy. (Dex -2) [an orb of fire]
 77468 | Zot:5    | Gained mutation: You occasionally lose the ability to read
                  | scrolls when taking damage. [an orb of fire]
 77472 | Zot:5    | Killed an orb of fire
 77472 | Zot:5    | Gained mutation: Your magical capacity is low. (-10% MP)
                  | [an orb of fire]
 77476 | Zot:5    | Killed an orb of fire
 77477 | Zot:5    | Reached skill level 25 in Invocations
 77495 | Zot:5    | Gained mutation: Your health recovers twice as slowly from
                  | being drained. [an orb of fire]
 77498 | Zot:5    | Gained mutation: You are very clumsy. (Dex -4) [an orb of
                  | fire]
 77499 | Zot:5    | Gained mutation: Your body sometimes deteriorates upon
                  | taking damage. [an orb of fire]
 77502 | Zot:5    | Gained mutation: You are very dopey. (Int -4) [an orb of
                  | fire]
 77509 | Zot:5    | Killed an orb of fire
 77835 | Zot:5    | Got the Orb of Zot
 78042 | Depths:4 | Gained mutation: You have hidden genetic defects. [a
                  | cacodemon]
 78096 | Depths:3 | Noticed Lagif the pandemonium lord
 78514 | D:8      | Noticed Suskur the pandemonium lord
 78546 | D:6      | Noticed Aniaheclet the pandemonium lord
 78654 | D:$      | Escaped with the Orb!

Illustrated notes

Levels and vault maps discovered:
D:1:      lemuel_arrival_hallway, layout_basic
D:2:      layout_rooms, uniq_robin, uniq_terence, uniq_crazy_yiuf_cottage
D:3:      layout_loops_cross
D:4:      layout_rooms, gammafunk_ghost_abyssal_escape
D:5:      layout_cave_pools, vehumet_statue, serial_shops, shop
D:6:      layout_basic, minmay_temple_entry_crystal_x, enter_ossuary_3,
          uniq_sigmund, uniq_grinder
D:7:      layout_basic, serial_shops, shop, nicolae_shop_statue_plus,
          nicolae_shop_statue_plus, minmay_holes, uniq_prince_ribbit1,
          uniq_jeremiah
D:8:      layout_cave_pools, lair_entry_dummy, enter_bailey_5
D:9:      nicolae_cairo_tiling_very_big, layout_small_grid
D:10:     layout_basic, erik_orc_4, hangedman_fish_farm
D:11:     minmay_cornered_nines, layout_rooms, minivault_11, minivault_16
D:12:     kennysheep_seaside_town, layout_cave_pools
D:13:     layout_irregular_city, grunt_vaults_entry_fortified, uniq_sonja
D:14:     layout_basic, nicolae_blasting_shop
D:15:     gammafunk_depths_entry_grave, layout_stronghold, uniq_rupert
Temple:   mainiacjoe_temple_hex_bubbles
Lair:1:   layout_cave_pods, nicolae_volcano_entry_vermiform, grunt_megastairs_5
Lair:2:   layout_gridlike, minmay_snake_entry_guardpost_small, basic_altar
Lair:3:   layout_loops_ring, nicolae_shoals_entry_roost
Lair:4:   layout_hall_layers, minmay_slime_entry_pillars,
          infiniplex_staircase_pool_2, lemuel_fruit_tree
Lair:5:   due_jungle_book, layout_regular_city, gammafunk_ghost_hydra_chop,
          grunt_megastairs_2
Shoals:1: layout_shoals, nicolae_shoals_circle_sea_wall, uniq_kirke
Shoals:2: layout_shoals, serial_shops, shop, nicolae_shop_back_alley_shop,
          nicolae_shoals_spring_well_temple
Shoals:3: layout_shoals, uniq_polyphemus
Shoals:4: shoals_end_hellmonk_holy_island
Snake:1:  layout_grid_shapes, basic_altar, gammafunk_ghost_necromancy,
          nicolae_snake_gridmaze_zigzag, drop_trap, grunt_ministairs_6,
          st_stairs_5, uniq_aizul
Snake:2:  layout_basic, nicolae_snake_slithery_hallway,
          nicolae_snake_ghostly_warrior_ritual, minmay_shoptagon, uniq_nikola
Snake:3:  layout_layer_cave, minmay_shop_grove, grunt_megastairs_4
Snake:4:  hellmonk_snake_rune_quicksilver_temple, layout_cave_town
Orc:1:    layout_caves, ebering_ghost_disaster_area
Orc:2:    st_orc_elflike, layout_caves, serial_shops, nicolae_diamond_shop
Elf:1:    eino_elf_arrival_shootout, layout_geoelf_octagon, basic_altar,
          nicolae_elf_blasts_and_bolts
Elf:2:    nicolae_elf_blades_crystal_corner, layout_rooms,
          nicolae_elevator_lobby_plus, uniq_roxanne
Elf:3:    minmay_elf_hall_four_x, layout_geoelf_grid, roderic_roman_lattice,
          nicolae_twisty_statue_hallways
Vaults:1: nicolae_vaults_network_periphery, ontoclasm_vaults_loading_screen,
          v_misc_10, v_misc_9, nicolae_vaults_thirteen_compartments,
          v_pattern_4, nicolae_vaults_what_the_h, nicolae_vaults_tangram_2,
          nicolae_vaults_closet_pinwheel_4, vaults_room_hallway, v_misc_13,
          ontoclasm_vaults_bender, layout_vaults_maze_bifur, serial_shops, shop,
          uniq_asterion
Vaults:2: nicolae_vaults_shock_wave, nicolae_vaults_trapezoid_3,
          hangedman_vaults_stretched_pinwheel, nicolae_vaults_closet_pinwheel_1,
          nicolae_vaults_diamond_2, nicolae_vaults_diamond_1,
          nicolae_vaults_prndl, nicolae_vaults_apartment_2,
          nicolae_vaults_windows_and_doors_thing, vaults_dpeg_cross,
          nicolae_vaults_big_ls, nicolae_vaults_sightless_eye,
          nicolae_vaults_more_shelving_2, nicolae_vaults_little_squares_1,
          layout_vaults_ring, enter_trove_1, serial_shops, shop
Vaults:3: hellmonk_ghost_happy_afterlife, hangedman_vaults_unwind, v_misc_8,
          minmay_crypt_entry_simple_box, nicolae_vaults_house_1,
          nicolae_vaults_closet_pinwheel_2, v_pattern_1,
          nicolae_vaults_bisected_slash, nicolae_vaults_offset_grid_hallway_1,
          nicolae_vaults_little_squares_4, nicolae_vaults_trapezoid_2,
          nicolae_vaults_variable_pillar_hall, vaults_room_fours,
          ontoclasm_vaults_ligature, layout_vaults_omnicross
Vaults:4: vaults_dpeg_spiral, v_misc_11, dpeg_vaults_monster_box,
          nicolae_vaults_closet_pinwheel_6, vaults_room_large_hall,
          minmay_orc_keep, v_alt_pattern_1,
          nicolae_vaults_offset_grid_hallway_2, nicolae_vaults_oozy_zoo,
          hangedman_vaults_slither, nicolae_vaults_sesquioval_fish,
          vaults_dpeg_diagonal, layout_vaults_omnibox, uniq_margery, uniq_mennas
Vaults:5: uniq_bai_suzhen, uniq_boris, uniq_frederick
Depths:1: layout_gridlike, mu_enter_wizlab_2, grunt_hell_entry_demonic_statue,
          hangedman_corner_corridor, uniq_mara, uniq_norris
Depths:2: angbandy_vault, layout_gridville, hell_entry, pan_entry,
          minmay_misc_feat_nine_boxes, minmay_shop_star, uniq_sojobo,
          uniq_enchantress
Depths:3: minmay_the_grid_triangle_9x9_rhombus_full
          [minmay_the_grid_triangle_9x9_corrupted_corridor,
          minmay_the_grid_triangle_9x9_zippers_vertical,
          minmay_the_grid_triangle_9x9_stretched_checkered,
          minmay_the_grid_triangle_9x9_steps,
          minmay_the_grid_triangle_9x9_from_above,
          minmay_the_grid_triangle_9x9_subtriangle,
          minmay_the_grid_triangle_9x9_negative_grid,
          minmay_the_grid_triangle_9x9_prize_center], layout_honeycomb,
          enter_ziggurat_b, abyss_entry, serial_sigils,
          serial_sigils_hangedman_gut, serial_sigils_hangedman_snap,
          serial_sigils_hangedman_writhe, serial_sigils_hangedman_quiver,
          pf_coc_iceberg, uniq_vv
Depths:4: grunt_zot_entry_hairpin, layout_gridlike,
          minmay_misc_feat_four_crosses, grunt_hell_entry_dis_mu, serial_shops,
          bzr_entry_dummy, dreamdust_wasp_nest, uniq_josephina
Zot:1:    layout_gridlike, regret_index_zotdec_zees, hellmonk_ghost_big_iron
Zot:2:    layout_gridlike, nrook_zot_tub
Zot:3:    layout_onion, regret_index_zotdec_split_disrupt
Zot:4:    layout_misc_corridors, gammafunk_ghost_split,
          hangedman_zot_decor_unnerving_road
Zot:5:    layout_onion

Skill      XL: |  1  2  3  4  5  6  7  8  9 10 11 12 13 14 15 16 17 18 19 20 21 22 23 24 25 26 27 |
---------------+----------------------------------------------------------------------------------+-----
Axes           | 3 4 5 6 7 9 11 13 17 18 19 21 22 23 24 | 24.8
Fighting       | 4 5 6 7 8 11 12 13 15 16 18 20 22 24 | 24.3
Evocations     | 2 5 7 8 12 13 15 17 18 19 20 21 | 21.0
Armour         | 4 7 10 12 15 18 20 23 | 23.0
Invocations    | 8 12 14 17 18 19 21 22 23 24 25 | 25.2
Shields        | 8 9 12 14 20 22 | 22.0

Action                     |  1- 3 |  4- 6 |  7- 9 | 10-12 | 13-15 | 16-18 | 19-21 | 22-24 | 25-27 || total
---------------------------+-------+-------+-------+-------+-------+-------+-------+-------+-------++-------
  Melee: War axe           |    72 |   184 |   285 |    54 |       |       |       |       |       ||   595
         Broad axe         |       |       |       |   371 |   819 |  1217 |  1155 |  1203 |  1285 ||  6050
         Whip              |       |       |       |       |    27 |     8 |       |       |       ||    35
         Peck              |       |       |       |       |       |       |       |     5 |    47 ||    52
 Invoke: Purification      |       |       |       |     3 |     1 |    11 |     9 |     2 |     2 ||    28
         Heal Self         |       |       |       |       |    12 |    16 |    19 |     5 |    21 ||    73
         Divine Vigour     |       |       |       |       |       |     1 |     1 |       |       ||     2
         Heal Other        |       |       |       |       |       |       |       |     2 |       ||     2
  Evoke: Wand              |       |       |     5 |     9 |     9 |    19 |     8 |    30 |    25 ||   105
         Phantom mirror    |       |       |       |       |     1 |     1 |     1 |     1 |       ||     4
         Lightning rod     |       |       |       |       |       |       |    15 |       |     6 ||    21
         Tin of tremorston |       |       |       |       |       |       |     3 |       |       ||     3
         Phial of floods   |       |       |       |       |       |       |     1 |       |       ||     1
         Sack of spiders   |       |       |       |       |       |       |     1 |       |       ||     1
    Use: Scroll            |     5 |     4 |    17 |    13 |    11 |     7 |    20 |    11 |    14 ||   102
         Potion            |       |     1 |     2 |     2 |       |       |     2 |     6 |    14 ||    27
   Stab: Distracted        |       |       |       |       |       |       |       |     1 |       ||     1
 Armour: Scale mail        |    30 |   126 |   155 |   429 |   588 |       |       |       |       ||  1328
         Chain mail        |     8 |    13 |       |       |       |       |       |       |       ||    21
         Plate armour      |       |       |       |       |   195 |  1202 |   382 |       |       ||  1779
         Crystal plate arm |       |       |       |       |       |       |   531 |   953 |  1326 ||  2810
  Dodge: Dodged            |    27 |    84 |    82 |   188 |   317 |   263 |   233 |   202 |   229 ||  1625
  Block: Buckler           |    30 |    92 |   118 |   246 |   379 |       |       |       |       ||   865
         Reflection        |       |     1 |     2 |    12 |    39 |   143 |   112 |    43 |    40 ||   392
         Kite shield       |       |       |       |       |   114 |  1341 |   918 |  1556 |  2235 ||  6164

Table legend: (Time is in decaauts)
 A = Elapsed time spent in this place.
 B = Non-inter-level travel time spent in this place.
 C = Inter-level travel time spent in this place.
 D = Time resting spent in this place.
 E = Time spent auto-exploring this place.
 F = Levels seen in this place.
 G = Mean time per level.
                   A        B        C        D        E       F      G
               +--------+--------+--------+--------+--------+-----+--------+
         Total |  79906 |  76447 |   3459 |  26040 |  27394 |  53 | 1507.7 |
       Dungeon |  16043 |  14858 |   1185 |   3109 |   7816 |  15 | 1069.5 |
        Temple |     60 |      1 |     59 |      0 |      0 |   1 |   60.0 |
          Lair |   7837 |   7430 |    407 |   2390 |   2853 |   5 | 1567.4 |
        Shoals |   5239 |   5070 |    169 |   1605 |   2068 |   4 | 1309.8 |
     Snake Pit |   7600 |   7298 |    302 |   2526 |   3010 |   4 | 1900.0 |
  Orcish Mines |   1916 |   1765 |    151 |    537 |    565 |   2 |  958.0 |
   Elven Halls |   5753 |   5557 |    196 |   1848 |   1434 |   3 | 1917.7 |
        Vaults |  10151 |   9720 |    431 |   2460 |   4227 |   5 | 2030.2 |
        Depths |  10537 |  10214 |    323 |   4361 |   3207 |   4 | 2634.2 |
           Zot |  12872 |  12637 |    235 |   6690 |   1910 |   5 | 2574.4 |
        Bazaar |    282 |    282 |      0 |      0 |    189 |   1 |  282.0 |
       Ossuary |    160 |    160 |      0 |      0 |      0 |   1 |  160.0 |
        Bailey |    431 |    431 |      0 |    180 |      0 |   1 |  431.0 |
       Volcano |    771 |    771 |      0 |    331 |      0 |   1 |  771.0 |
        Wizlab |    249 |    249 |      0 |      0 |    113 |   1 |  249.0 |
               +--------+--------+--------+--------+--------+-----+--------+

Top non-repeatable levels by time:
   Zot:2: 5522 daAuts
Depths:2: 3089 daAuts
 Snake:4: 2700 daAuts
Depths:1: 2643 daAuts
   Elf:3: 2581 daAuts
Depths:4: 2486 daAuts
Vaults:2: 2382 daAuts
Depths:3: 2317 daAuts
   Zot:5: 2191 daAuts
Vaults:5: 2047 daAuts
Vaults:1: 2036 daAuts
Vaults:3: 1964 daAuts
  Lair:5: 1924 daAuts
  Lair:1: 1828 daAuts
   Zot:1: 1804 daAuts
